 Dungeon Crawl Stone Soup version 0.21.1-1-g345015fe64 (webtiles) character file.

74 OlSheep the Sneak (level 4, -1/24 HPs)
             Began as a Kobold Enchanter on July 17, 2018.
             Slain by Loge's ghost (8 damage)
             ... on level 3 of the Dungeon.
             The game lasted 00:12:14 (2548 turns).

OlSheep the Sneak (Kobold Enchanter)                Turns: 2548, Time: 00:12:14

Health: -1/24      AC:  2    Str:  5    XL:     4   Next: 52%
Magic:  8/8        EV: 15    Int: 16    God:
Gold:   72         SH:  0    Dex: 16    Spells: 2/8 levels left

rFire    . . .     SeeInvis .   e - +5 dagger
rCold    . . .     Gourm    .   (shield restricted)
rNeg     . . .     Faith    .   b - +0 robe
rPois    .         Spirit   .   (no helmet)
rElec    .         Reflect  .   (no cloak)
rCorr    .         Harm     .   (no gloves)
MR       .....                  (no boots)
Stlth    +++.......             a - amulet of magic regeneration
HPRegen  0.08/turn              (no ring)
MPRegen  0.36/turn              (no ring)

@: no status effects
A: small, carnivore
a: no special abilities


You were on level 3 of the Dungeon.
You were very full.

You visited 1 branch of the dungeon, and saw 3 of its levels.

You collected 72 gold pieces.

Inventory:

Hand Weapons
 e - a +5 dagger (weapon)
 i - a +2 dagger of electrocution
 j - a cursed -3 dagger
 o - a +2 whip of venom
 q - a +0 falchion of protection
Armour
 b - a +0 robe (worn)
 r - a +0 leather armour
Jewellery
 a - an amulet of magic regeneration (around neck)
Scrolls
 f - 2 scrolls of teleportation
Potions
 l - a potion of lignification {unknown}
 m - 2 potions of haste {unknown}
 s - a potion of curing {unknown}
 t - a potion of mutation {unknown}
 x - a potion of agility {unknown}
Books
 c - a book of Maledictions

   Spells                             Type                      Level
   a - Corona                         Hexes                        1
   b - Ensorcelled Hibernation        Hexes/Ice                    2
   c - Confuse                        Hexes                        3
   d - Tukima's Dance                 Hexes                        3
   e - Dazzling Spray                 Conjuration/Hexes            3
Comestibles
 d - 3 rations


   Skills:
 + Level 1.4 Short Blades
 + Level 2.4 Dodging
 * Level 5.1 Stealth
 + Level 2.6 Spellcasting
 + Level 3.9 Hexes
 - Level 1.0 Ice Magic


You had 2 spell levels left.
You knew the following spells:

 Your Spells              Type           Power        Failure   Level  Hunger
a - Corona                Hex            ##.....      3%          1    #......
b - Ensorcelled Hibernat  Hex/Ice        ##....       11%         2    ##.....
c - Confuse               Hex            ##......     12%         3    ###....


Dungeon Overview and Level Annotations

Branches:
Dungeon (3/15)

Altars:

Annotations:
D:3 Loge's ghost, amateur DrTm


Innate Abilities, Weirdness & Mutations

You are small and have problems with some larger weapons.
You are carnivorous and can eat meat at any time.


Message History

Confirm with . or Enter, or press ? or * to list all spells.
Aiming: Confuse
Press: ? - help, Shift-Dir - straight line, f/p - Loge's ghost
Aim: Loge's ghost (almost destroyed, chance to defeat MR: 39%) Loge's ghost resists with some effort.
Loge's ghost closely misses you.
Casting: Confuse
Confirm with . or Enter, or press ? or * to list all spells.
You don't have enough magic to cast that spell.
Press: ? - help, v - describe, . - travel
Here: Loge's ghost (almost destroyed)
The floor.
Loge's ghost hits you.
* * * LOW HITPOINT WARNING * * *
Loge's ghost wails.
All of the chunks of flesh in your inventory have rotted away.
Loge's ghost whispers, "There is no future for you."
Your magical contamination has completely faded away.
There is a stone staircase leading up here.
Loge's ghost hits you!
You die...

### #@# #W#
#.# #.# #.#
#.#
###########.#
#...........#
##.##########


You could see Loge's ghost.

Vanquished Creatures
  2 adders (D:2)
  An ooze (D:2)
  A worm (D:2)
  A dart slug (D:1)
  4 giant cockroaches (D:2)
  9 goblins
  7 hobgoblins
  3 jackals (D:1)
  3 kobolds
  A ball python (D:2)
  3 bats
  2 frilled lizards (D:1)
  5 rats
42 creatures vanquished.

Notes
Turn   | Place    | Note
-------+----------+-------------------------------------------
     0 | D:1      | OlSheep the Kobold Enchanter began the quest for the Orb.
     0 | D:1      | Reached XP level 1. HP: 10/10 MP: 3/3
   163 | D:1      | Reached XP level 2. HP: 14/15 MP: 5/5
   187 | D:1      | Learned a level 2 spell: Ensorcelled Hibernation
   826 | D:1      | Reached XP level 3. HP: 17/19 MP: 0/6
   971 | D:1      | Learned a level 3 spell: Confuse
  1713 | D:2      | Reached XP level 4. HP: 24/24 MP: 3/7
  1858 | D:2      | Reached skill level 5 in Stealth
  1897 | D:2      | Reached skill level 1 in Ice Magic
  2502 | D:3      | Noticed Loge's ghost (amateur DrTm)
  2548 | D:3      | Slain by Loge's ghost

Skill      XL: |  1  2  3  4 |
---------------+-------------+-----
Stealth        | 5 |  5.1
Ice Magic      | 1 |  1.0
Short Blades   | |  1.4
Dodging        | |  2.4
Spellcasting   | |  2.6
Hexes          | |  3.9

Action                   |  1- 3 |  4- 6 || total
-------------------------+-------+-------++-------
Melee: Dagger            |    63 |    26 ||    89
 Cast: Corona            |     5 |     2 ||     7
       Ensorcelled Hiber |    22 |    14 ||    36
       Confuse           |     2 |     3 ||     5
  Use: Scroll            |       |     8 ||     8
 Stab: Sleeping          |    17 |     8 ||    25
       Confused          |     2 |       ||     2
       Distracted        |       |     1 ||     1
  Eat: Chunk             |    13 |     3 ||    16
Armor: Robe              |     4 |     5 ||     9
Dodge: Dodged            |    38 |    15 ||    53
